 Dungeon Crawl Stone Soup version 0.17-a0-1850-g688e747 (webtiles) character file.

110 derrpe the Grave Robber (level 4, -1/30 HPs)
             Began as a Demonspawn Necromancer on Sept 19, 2015.
             Was an Initiate of Vehumet.
             Slain by a hound (3 damage)
             ... on level 4 of the Dungeon.
             The game lasted 00:06:59 (3393 turns).

derrpe the Grave Robber (Demonspawn Necromancer)    Turns: 3393, Time: 00:06:59

Health: -1/30      AC:  4    Str:  8    XL:     4   Next: 61%
Magic:  0/7        EV: 12    Int: 18    God:    Vehumet [......]
Gold:   37         SH:  0    Dex: 13    Spells: 3 memorised, 2 levels left

rFire  . . .     SeeInvis .     u - staff of conjuration
rCold  . . .     Clarity  .     a - +0 robe
rNeg   . . .     SustAt   .     (no shield)
rPois  .         Gourm    .     (helmet restricted)
rElec  .         Spirit   .     t - +0 cloak
rCorr  .         Warding  .     p - +0 pair of gloves
rMut   .         Stasis   .     (no boots)
MR     .....                    (no amulet)
Stlth  ++........               (no ring)
                                (no ring)

@: very slightly contaminated, not resistant to hostile enchantments, unstealthy
A: horns 1, rot immunity
a: Renounce Religion


You were on level 4 of the Dungeon.
You worshipped Vehumet.
Vehumet was noncommittal.
You were not hungry.

You visited 1 branch of the dungeon, and saw 4 of its levels.

You collected 37 gold pieces.

Inventory:

Hand weapons
 g - a +0 spear
Armour
 a - a +0 robe (worn)
 d - a +0 helmet
 p - a +0 pair of gloves (worn)
 t - a +0 cloak (worn)
Magical staves
 u - an uncursed staff of conjuration (weapon)
Jewellery
 k - an uncursed ring of protection from fire {unknown}
Magical devices
 o - a wand of random effects (17)
Scrolls
 e - a scroll of enchant weapon {unknown}
 r - a scroll of blinking {unknown}
 s - a scroll of amnesia {unknown}
 v - 4 scrolls of recharging {unknown}
 x - a scroll of fear {unknown}
Potions
 f - a potion of cure mutation {unknown}
 i - a potion of curing {unknown}
 l - 3 potions of might {unknown}
 n - a potion of flight {unknown}
 q - a potion of cancellation {unknown}
Books
 b - a book of Necromancy

   Spells                             Type                      Level
   a - Pain                           Necromancy                   1
   b - Animate Skeleton               Necromancy                   1
   c - Vampiric Draining              Necromancy                   3
   d - Regeneration                   Charms/Necromancy            3
   e - Animate Dead                   Necromancy                   4
   f - Control Undead                 Necromancy                   4
Comestibles
 c - 3 bread rations {@e1}
 h - 3 fruits
 j - 2 slices of pizza
 m - 3 meat rations {@e2}
 w - a chunk of flesh {@w0}


   Skills:
 - Level 1.7 Dodging
 - Level 1.7 Stealth
 - Level 2.0 Spellcasting
 + Level 6.6 Necromancy


You had 2 spell levels left.
You knew the following spells:

 Your Spells              Type           Power        Failure   Level  Hunger
a - Pain                  Necr           ####         1%          1    #......
r - Regeneration          Chrm/Necr      ##........   17%         3    ###....
A - Animate Skeleton      Necr           N/A          1%          1    #......


Dungeon Overview and Level Annotations

Branches:
Dungeon (4/15)
 Temple: D:4-7

Altars:
Ashenzari
Dithmenos
Vehumet
Xom


Innate Abilities, Weirdness & Mutations

You have a pair of small horns on your head.
You are immune to rotting.


Message History

Casting: Pain
Confirm with . or Enter, or press ? or * to list all spells.
Aiming: Pain
Press: ? - help, Shift-Dir - straight line, f/p - hound
Aim: a hound (almost dead, chance to defeat MR: 89%)
The hound barely resists.
The hound barely misses you. The hound completely misses you.
The hound closely misses you. The hound barely misses you.
The hound barely misses you. The hound bites you but does no damage.
Casting: Pain
Confirm with . or Enter, or press ? or * to list all spells.
Aiming: Pain
Press: ? - help, Shift-Dir - straight line, f/p - hound
Aim: a hound (almost dead, chance to defeat MR: 89%)
The hound convulses in agony!
The hound bites you.
* * * LOW HITPOINT WARNING * * *
The hound bites you.
You die...

### ########. ### ##
## ##.###........ #..
...# ##...##.###....
#.# ###.####.....#.#
#.##. #.#
#...>@h.....##.###.#
#.#
#.#.######.........#
#.###.#.#
#.###........
####>......# #.#
#######.#
#.........#### ##'##
#.#######....###...##
#.# #.##.##.....##
####.# #.##.#)......#
##..#.#
#.##..........#


You could see a hound.

Vanquished Creatures
  5 adders
  A gnoll (D:1)
  2 giant geckos
  An orc (D:3)
  2 ball pythons
  3 bats (D:1)
  4 giant cockroaches
  3 hobgoblins
  2 jackals (D:3)
  A quokka (D:2)
  A giant newt (D:3)
  6 goblins
  11 kobolds
  7 rats
49 creatures vanquished.

Vanquished Creatures (collateral kills)
  A giant cockroach (D:2)
  A jackal (D:3)
  A rat (D:2)
  A butterfly (D:2)
4 creatures vanquished.

Vanquished Creatures (others)
  An adder (D:4)
1 creature vanquished.

Grand Total: 54 creatures vanquished

Notes
Turn   | Place    | Note
--------------------------------------------------------------
     0 | D:1      | derrpe the Demonspawn Necromancer began the quest for the Orb.
     0 | D:1      | Reached XP level 1. HP: 13/13 MP: 3/3
   438 | D:1      | Gained mutation: You are immune to rotting. [demonic ancestry]
   438 | D:1      | Reached XP level 2. HP: 16/19 MP: 0/5
   547 | D:1      | Reached skill level 5 in Necromancy
   952 | D:1      | Reached XP level 3. HP: 18/24 MP: 4/6
   955 | D:1      | Learned a level 1 spell: Animate Skeleton
   959 | D:1      | Learned a level 3 spell: Regeneration
  1218 | D:2      | Found a shadowy altar of Dithmenos.
  1653 | D:2      | Reached skill level 6 in Necromancy
  1888 | D:2      | Found a shimmering altar of Xom.
  2029 | D:2      | Gained mutation: You have a pair of small horns on your head. [demonic ancestry]
  2029 | D:2      | Reached XP level 4. HP: 25/30 MP: 7/7
  2063 | D:2      | Found a radiant altar of Vehumet.
  2398 | D:3      | Found a shattered altar of Ashenzari.
  2595 | D:2      | Became a worshipper of Vehumet
  3393 | D:4      | Slain by a hound

Vault maps used:
D:1:      erik_arrival_blinker_ship
D:2:      xom_butterflies, old_standard_altar, grunt_dithmenos_smoke
D:3:      nicolae_overflow_crystal_walls, first_bread
D:4:      nicolae_ru_awakened_eye, columned_hall_lemuel, lemuel_flame_loot_1

Action                   |  1- 3 |  4- 6 || total
-------------------------+-------+-------++-------
Melee: Unarmed           |    10 |       ||    10
       Spear             |    83 |    22 ||   105
 Cast: Pain              |    36 |    29 ||    65
       Animate Skeleton  |    11 |     8 ||    19
       Regeneration      |     3 |       ||     3
 Stab: Sleeping          |     2 |     1 ||     3
  Eat: Chunk             |     5 |     4 ||     9
